 Dungeon Crawl Stone Soup version 0.28.0-43-g3370ac3207 (webtiles) character file.

Game seed: 15004475564241096623

23 funkygono the Firebug (level 2, 0/19 HPs)
             Began as a Demonspawn Fire Elementalist on Mar 16, 2022.
             Slain by a giant cockroach (2 damage)
             ... on level 1 of the Dungeon.
             The game lasted 00:02:06 (897 turns).

funkygono the Firebug (Demonspawn Fire Elementalist) Turns: 897, Time: 00:02:07

Health: 0/19       AC:  3    Str:  8    XL:     2   Next: 75%
Magic:  0/5        EV:  9    Int: 16    God:
Gold:   50         SH:  0    Dex: 13    Spells: 5/6 levels left

rFire   . . .      SeeInvis .   (no weapon)
rCold   . . .      Faith    .   (no shield)
rNeg    . . .      Spirit   .   a - +0 robe
rPois   .          Reflect  .   (helmet restricted)
rElec   .          Harm     .   (no cloak)
rCorr   .          Rampage  .   (no gloves)
Will    .....                   d - +0 pair of boots
Stlth   ++........              (no amulet)
HPRegen 0.06/turn               (no ring)
MPRegen 0.09/turn               (no ring)

@: constricted
A: antennae 1
a: no special abilities


You were on level 1 of the Dungeon.
You visited 1 branch of the dungeon, and saw 1 of its levels.

You collected 50 gold pieces.

Inventory:

Missiles
 f - 4 stones
Armour
 a - a +0 robe (worn)
 d - a +0 pair of boots (worn)
Scrolls
 b - a scroll of teleportation {unknown}
 g - a scroll of enchant weapon {unknown}
 h - a scroll of fog {unknown}
Potions
 c - 2 potions of heal wounds {unknown}
 e - 2 potions of berserk rage {unknown}


   Skills:
 + Level 1.7 Dodging
 - Level 1.7 Stealth
 * Level 2.5 Spellcasting
 * Level 1.2 Conjurations
 * Level 3.2 Fire Magic


You had 5 spell levels left.
You knew the following spells:

 Your Spells              Type           Power      Damage    Failure   Level
a - Foxfire               Conj/Fire      36%        2x1d5     8%          1

Your spell library contained the following spells:

 Spells                   Type           Power      Damage    Failure   Level
 Scorch                   Fire           24%        2d6       8%          2
 Conjure Flame            Conj/Fire      9%         6-21      24%         3
 Inner Flame              Hex/Fire       7%         N/A       30%         3
 Flame Wave               Conj/Fire      9%         2d5       61%         4


Dungeon Overview and Level Annotations

Branches:
Dungeon (1/15)

Altars:


Innate Abilities, Weirdness & Mutations

You have a pair of small antennae on your head.


Message History

The jackal misses you. The jackal barely misses you.
The ball python bites you but does no damage.
The ball python barely misses you.
The frilled lizard completely misses you.
The giant cockroach bites you but does no damage.
The jackal bites you but does no damage.
The jackal misses you. The ball python completely misses you.
The ball python grabs you. The ball python constricts you.
You hit the jackal.
The jackal is moderately wounded.
The giant cockroach bites you but does no damage.
The frilled lizard bites you. The jackal barely misses you. x2
The ball python bites you but does no damage.
The ball python constricts you.
You hit the jackal but do no damage.
The jackal is moderately wounded.
The giant cockroach bites you but does no damage.
The jackal bites you but does no damage.
The jackal bites you. The frilled lizard bites you.
The ball python barely misses you. The ball python constricts you.
The giant cockroach bites you but does no damage.
The jackal bites you but does no damage.
You hit the jackal but do no damage.
The jackal is moderately wounded.
The jackal stops to sniff the ground.
The jackal closely misses you. The frilled lizard bites you.
The ball python bites you. The ball python constricts you.
The jackal bites you but does no damage.
The giant cockroach closely misses you. The jackal bites you.
Casting: Foxfire (safe; 8% risk of failure)
Confirm with . or Enter, or press ? or * to list all spells.
You conjure some foxfire!
The jackal bites you.
* * * LOW HITPOINT WARNING * * *
The frilled lizard bites you but does no damage.
The ball python bites you.
* * * LOW HITPOINT WARNING * * *
The ball python constricts you.
* * * LOW HITPOINT WARNING * * *
The jackal barely misses you. The giant cockroach bites you.
You die...

### ######## #..
##......# #.. ........#
#######.. ....?....
....[.†.. ........#
#######.. ........# #..
......Bh###############.
>.....S@h.............#.
......lv#############...
...###### ##.. . #..
###.. #.... #.... #....
#....


You could see 2 jackals, a giant cockroach, a ball python and a frilled lizard
(ally target).

Vanquished Creatures
  A dart slug (D:1)
  3 endoplasms (D:1)
  A giant cockroach (D:1)
  2 goblins (D:1)
  2 hobgoblins (D:1)
  2 jackals (D:1)
  2 kobolds (D:1)
  2 ball pythons (D:1)
  2 bats (D:1)
  A frilled lizard (D:1)
18 creatures vanquished.

Vanquished Creatures (others)
  59 foxfires (D:1)
59 creatures vanquished.

Grand Total: 77 creatures vanquished

Notes
Turn   | Place    | Note
-------+----------+-------------------------------------------
     0 | D:1      | funkygono the Demonspawn Fire Elementalist began the quest
                  | for the Orb.
     0 | D:1      | Reached XP level 1. HP: 13/13 MP: 3/3
   536 | D:1      | Gained mutation: You have a pair of small antennae on your
                  | head. [demonic ancestry]
   536 | D:1      | Reached XP level 2. HP: 16/19 MP: 1/5
   617 | D:1      | Reached skill level 3 in Fire Magic
   897 | D:1      | Slain by a giant cockroach

Illustrated notes

Levels and vault maps discovered:
D:1:      evilmike_arrival_fibonacci_small, layout_basic,
          ebering_ecumenical_altar_box, minmay_strange_pillars,
          minmay_split_cup_large

Skill      XL: |  1  2 |
---------------+-------+-----
Fire Magic     | 3 |  3.2
Dodging        | |  1.7
Stealth        | |  1.7
Spellcasting   | |  2.5
Conjurations   | |  1.2

Action                   || total
-------------------------++-------
Melee: Unarmed           ||     7
 Cast: Foxfire           ||    36
Armor: Robe              ||    20
Dodge: Dodged            ||    30
